[Event "Late-Titled-Tuesday-Blitz-February-06-2024"]
[Site "Chess.com"]
[Date "2024.02.06"]
[Round "5"]
[White "JonasGallasch"]
[Black "mightysmasher"]
[Result "1-0"]
[WhiteElo "2400"]
[BlackElo "2551"]
[TimeControl "180+1"]
[EndTime "14:55:52 PST"]
[Termination "JonasGallasch won by checkmate"]

1. Nf3 d5 2. g3 Nf6 3. Bg2 c5 4.
O-O Nc6 5. d4 e6 6. c4 Be7 7. cxd5 exd5 8. Nc3 O-O 9. Bg5 Be6 10. Rc1 c4 11. Ne5 h6 12. Bxf6 Bxf6 13. f4 Qb6 14. e3 Bxe5 15. fxe5 Rad8 16. b3 Na5 17. Na4 Qb4 18. Nc5 b6 19. Nxe6 fxe6 20. Rxf8+ Rxf8 21. Bh3 Qe7 22. Qg4 Re8 23. e4 cxb3 24.
exd5 b2 25. Rb1 exd5 26. Rxb2 Nc4 27. Rf2 Qb4 28. Qg6 Qe1+ 29. Bf1 Re7 30. Qf5 Rc7 31. e6 Ne3 32. Qf4 Rc8 33. e7 Nxf1 34. Qf7+ Kh7 35.
Qf5+ Kg8 36. Qxc8+ Kh7 37. Qf5+ Kh8 38. Rxf1 Qe3+ 39. Qf2 Qxe7 40. Qf8+ Qxf8 41. Rxf8+ Kh7 42. Ra8 b5 43. Rxa7 b4 44. Rb7 Kg6 45. Rxb4 Kf5 46. a4 Ke4 47. a5 Kd3 48. a6 Kc3 49. Rb7 Kxd4 50. a7 Kc4 51. a8=Q d4 52. Qc8+ Kd3 53. Rd7 Ke3 54. Qc5 Ke2 55. Qc4+ Ke3 56. Re7+ Kf3 57. Qd3+ Kg4 58. Qe4+ Kg5 59. Re5+ Kf6 60. Qf5# 1-0

[Event "Late-Titled-Tuesday-Blitz-February-06-2024"]
[Site "Chess.com"]
[Date "2024.02.06"]
[Round "5"]
[White "Philippians46"]
[Black "Hrant_ChessMood"]
[Result "1-0"]
[WhiteElo "2683"]
[BlackElo "2921"]
[TimeControl "180+1"]
[EndTime "14:55:53 PST"]
[Termination "Philippians46 won on time"]

1. d4 d5 2. c4 e6 3. Nf3 Nf6 4.
g3 dxc4 5. Bg2 Bb4+ 6. Bd2 a5 7.
a3 Bd6 8. Qa4+ Nbd7 9. Qxc4 O-O 10.
Nc3 b6 11. O-O Ba6 12. Qb3 c5 13. Rfd1 Rc8 14. Nb5 Be7 15. Rac1 cxd4 16. Nfxd4 Nc5 17. Qa2 Qd7 18. a4 Rfd8 19. Qb1 g6 20. Be3 Nd5 21. Bh6 Nxa4 22. e4 Bxb5 23. Rxc8 Rxc8 24. exd5 exd5 25. Nxb5 Qxb5 26. Bxd5 Bf8 27. Bf4 Qxb2 28. Qe4 Qb5 29. Bxf7+ Kxf7 30. Qb7+ Be7 31. Qxc8 Nc5 32. Qc7 Ne6 33.
Qc1 a4 34. Re1 Qd5 35. Be5 b5 36. Ba1 b4 37. Qb2 b3 38. Qh8 a3 39. Qxh7+ Ke8 40.
Qxg6+ Kd7 41. Qg4 Qb5 42. Rd1+ Bd6 43. Re1 Qd5 44. Qa4+ Ke7 45. Bc3 b2 46. Qc2 Qc4 47. Bf6+ Kxf6 48. Qxc4 Be5 49. f4 Bd4+ 50. Kg2 a2 51. Qxe6+ 1-0

[Event "Late-Titled-Tuesday-Blitz-February-06-2024"]
[Site "Chess.com"]
[Date "2024.02.06"]
[Round "5"]
[White "FredddieCroderg"]
[Black "babero_gordo"]
[Result "1/2-1/2"]
[WhiteElo "2381"]
[BlackElo "2111"]
[TimeControl "180+1"]
[EndTime "14:55:58 PST"]
[Termination "Game drawn by repetition"]

1. e4 c5 2. d3 e6 3. g3 Nc6 4. Bg2 d5 5. Ne2 dxe4 6. Bxe4 Nf6 7. Bg2 Be7 8. Nbc3 a6 9. O-O O-O 10. Be3 Nd4 11. Qd2 Rb8 12. Ne4 Nxe4 13. dxe4 Nxe2+ 14.
Qxe2 e5 15. Rfd1 Qc7 16. Rd2 Be6 17. a3 Rbd8 18. Rad1 b5 19. Rxd8 Rxd8 20. Rxd8+ Qxd8 21. Qd2 Qxd2 22. Bxd2 h6 23. Bf1 Kf8 24. a4 c4 25.
a5 Bc5 26. Kg2 Ke7 27. f4 exf4 28. gxf4 f5 29. e5 Bd5+ 30. Kg3 Be4 31. c3 Ke6 32. Bg2 Bxg2 33. Kxg2 Kd5 34. Kf3 Be7 35. Be3 g5 36. Bb6 g4+ 37. Ke3 h5 38. Kf2 h4 39.
Kg2 Bc5 40. Bc7 Ke4 41. Bd6 Kd5 42. Bc7 Be7 43. Bb8 Ke4 44. Bd6 Bd8 45. e6 Ke3 46. e7 Bxe7 47. Bxe7 Kxf4 48. Bxh4 Ke3 49. Bg5+ f4 50. Bh6 Ke4 51. Kf2 Kf5 52. Bf8 Ke4 53. Bc5 Kd3 54. Bd6 Ke4 55. Bc7 Kf5 56. Bb6 Ke4 57.
Bc5 Kf5 58. Bb4 Ke4 59. Bc5 1/2-1/2

[Event "Late-Titled-Tuesday-Blitz-February-06-2024"]
[Site "Chess.com"]
[Date "2024.02.06"]
[Round "5"]
[White "dretch"]
[Black "igorkovalenko"]
[Result "0-1"]
[WhiteElo "2830"]
[BlackElo "3008"]
[TimeControl "180+1"]
[EndTime "14:55:59 PST"]
[Termination "igorkovalenko won on time"]

1. d4 Nf6 2. c4 e6 3. Nc3 b6 4. e4 Bb7 5. Bd3 Bb4 6. Qe2 d6 7. Nf3 Nbd7 8. O-O Bxc3 9. bxc3 e5 10.
Nh4 O-O 11. Nf5 Re8 12. f3 Nf8 13. Bg5 Ne6 14. Bh4 g6 15. Nh6+ Kg7 16. Qd2 Qd7 17.
Bc2 Rad8 18. Bxf6+ Kxf6 19. Ng4+ Ke7 20. d5 Nf4 21. g3 Nh3+ 22. Kg2 h5 23. Ne3 Rh8 24. c5 bxc5 25. Rab1 Ba6 26. c4 h4 27. Qa5 Qc8 28.
Ba4 hxg3 29. hxg3 Ng5 30. Rh1 Rxh1 31. Rxh1 Kf6 32. Bc2 Kg7 33. Ng4 Rh8 34. Qc3 Rxh1 35. Kxh1 Qh8+ 36. Nh2 Bc8 37. Qe3 Qh5 38. Bd1 Nh7 39.
Be2 Nf6 40. Kg1 Qh6 41. Nf1 Qxe3+ 42. Nxe3 Nd7 43. Kf2 Nb6 44. Bd3 Bd7 45. f4 f6 46.
Kf3 c6 47. Bc2 cxd5 48. cxd5 Bb5 49. fxe5 fxe5 50. Kg4 Kf6 51. Kh4 Bd7 52. Bd3 a5 53.
Nd1 c4 54. Be2 Ba4 55. Nc3 Bc2 56. Kg4 a4 0-1

[Event "Late-Titled-Tuesday-Blitz-February-06-2024"]
[Site "Chess.com"]
[Date "2024.02.06"]
[Round "5"]
[White "Seochesspie"]
[Black "JackRodgers"]
[Result "1-0"]
[WhiteElo "2798"]
[BlackElo "2515"]
[TimeControl "180+1"]
[EndTime "14:55:59 PST"]
[Termination "Seochesspie won by resignation"]

1. c4 c5 2. Nf3 g6 3. e3 Bg7 4. d4 cxd4 5. exd4 d5 6. cxd5 Nf6 7. Nc3 Nxd5 8. Qa4+ Bd7 9. Qb3 Bc6 10. Ne5 Bxe5 11. dxe5 Nxc3 12. Qxc3 O-O 13. Bh6 Re8 14. h4 Qd5 15.
Rd1 Qe4+ 16. Qe3 Qxe3+ 17. Bxe3 Nd7 18. f4 Nb6 19. h5 Red8 20. Rxd8+ Rxd8 21. hxg6 hxg6 22.
Rh3 Nd5 23. Bd2 Nc7 24. Ra3 a6 25. Ba5 Rd7 26. g3 Nb5 27. Rd3 Rxd3 28. Bxd3 e6 29. Kd2 Kf8 30. Ke3 Ke7 31. a4 Na7 32. Bb6 Nc8 33. Bc5+ Kd7 34. b3 b6 35. Bf8 b5 36.
a5 Bd5 37. b4 Ne7 38. Kd4 Nf5+ 39. Kc5 Bb7 40. Kb6 Bc8 41. Bxf5 exf5 42. Bh6 Kd8 43. Bg5+ Kd7 44. Bf6 Ke6 45. Kc7 Bd7 46. Kb7 Kd5 47. Kxa6 Kc6 48. Ka7 Kc7 49. Be7 Bc6 50. Bd6+ Kd7 51.
Kb6 f6 52. exf6 Kxd6 53. f7 Ke7 54. Kxc6 1-0

[Event "Late-Titled-Tuesday-Blitz-February-06-2024"]
[Site "Chess.com"]
[Date "2024.02.06"]
[Round "5"]
[White "ElDivis"]
[Black "SchmakAttack"]
[Result "0-1"]
[WhiteElo "2420"]
[BlackElo "2763"]
[TimeControl "180+1"]
[EndTime "14:56:00 PST"]
[Termination "SchmakAttack won on time"]

1. d4 Nf6 2. Nf3 d5 3. c4 e6 4.
e3 a6 5. b3 c5 6. cxd5 exd5 7.
Bb2 Nc6 8. Nc3 Bd6 9. dxc5 Bxc5 10. Be2 O-O 11. O-O Re8 12. Rc1 Ba7 13. h3 Bf5 14.
Nh4 Be6 15. Nf3 Rc8 16. Na4 Ne4 17. Nc3 Ng5 18. Nxg5 Qxg5 19. Bg4 d4 20. exd4 Nxd4 21. Ne4 Rxc1 22. Nxg5 Rxd1 23. Rxd1 Bxg4 24. hxg4 Rd8 25. Kf1 f6 26. Nf3 Ne6 27. Rxd8+ Nxd8 28. Bd4 Bb8 29. Ke2 Nc6 30. Be3 Kf7 31. Bd2 Ke6 32. Kd3 Kd5 33. Bc3 b5 34. a3 Bd6 35. a4 Bc5 36. axb5 axb5 37. g5 fxg5 38. Nxg5 h6 39. Ne4 Bf8 40. f3 h5 41. Nf2 g6 42. Ne4 Be7 43. Bb2 Nb4+ 44.
Ke2 Nc6 45. Kd3 Ne5+ 46. Bxe5 Kxe5 47. Nc3 b4 48. Ne2 g5 49. Kc4 g4 50. fxg4 hxg4 51. Kd3 Bd6 52. Ke3 Bc5+ 53. Kd3 Bd6 54. Ke3 Kf5 55.
Nc1 Bf4+ 0-1

[Event "Late-Titled-Tuesday-Blitz-February-06-2024"]
[Site "Chess.com"]
[Date "2024.02.06"]
[Round "5"]
[White "Genghis_K"]
[Black "Polish_fighter3000"]
[Result "0-1"]
[WhiteElo "2909"]
[BlackElo "3053"]
[TimeControl "180+1"]
[EndTime "14:56:02 PST"]
[Termination "Polish_fighter3000 won by resignation"]

1. e4 e6 2. d4 d5 3. Nc3 Nf6 4. Bg5 Be7 5. e5 Nfd7 6. Bxe7 Qxe7 7. f4 a6 8. Nf3 c5 9. Qd2 Nc6 10. dxc5 Nxc5 11. Qe3 b5 12. a3 O-O 13. Bd3 d4 14.
Nxd4 Nxd4 15. Qxd4 Rd8 16. Qe3 Bb7 17. O-O Nxd3 18.
cxd3 Rac8 19. f5 Qd7 20. fxe6 fxe6 21. Rad1 Qd4 22. Qxd4 Rxd4 23. Ne2 Rg4 24. Rf2 Rc2 25. Rdf1 Rxg2+ 26. Rxg2 Bxg2 27. Rf2 Bh3 28. b4 h5 29. d4 h4 30. d5 exd5 31. e6 Bxe6 32. Nd4 Rc1+ 33. Kg2 Bd7 34. Nf3 Rc3 35. Rd2 Rxa3 36. Nxh4 Kf7 37. Nf3 Ke6 38. Nd4+ Ke5 39. Nf3+ Kd6 40.
Kf2 Rb3 41. Rd4 Bf5 42. Nd2 Rh3 43. Rf4 Rxh2+ 44. Ke3 Rh5 45. Nf3 g6 46. Rd4 Rh3 47. Kf4 Rh1 48. Rd2 Rf1 49. Ke3 Rb1 50. Nd4 Rxb4 51.
Ra2 Ra4 52. Rh2 Kc5 53. Nb3+ Kc4 54. Nd2+ Kc3 55. Nf3 d4+ 56. Kf2 Ra2+ 57. Kg3 Rxh2 0-1

[Event "Late-Titled-Tuesday-Blitz-February-06-2024"]
[Site "Chess.com"]
[Date "2024.02.06"]
[Round "5"]
[White "GadimbayliA"]
[Black "Nf3c5"]
[Result "1-0"]
[WhiteElo "2810"]
[BlackElo "2575"]
[TimeControl "180+1"]
[EndTime "14:56:02 PST"]
[Termination "GadimbayliA won on time"]

1. e4 d6 2. d4 Nf6 3. Nc3 e5 4.
dxe5 dxe5 5. Qxd8+ Kxd8 6. Nf3 Bd6 7. Bg5 Nd7 8. Bc4 Ke8 9. O-O-O a6 10. Nh4 h6 11.
Be3 Ng4 12. Nf5 Nxe3 13. fxe3 Nb6 14. Bb3 Bf8 15. Rhf1 Be6 16. Bxe6 fxe6 17. Nh4 Bb4 18. Ng6 Rg8 19. Nxe5 Bxc3 20. bxc3 Rd8 21. Rxd8+ Kxd8 22. Rf7 Kc8 23. Ng6 Rd8 24. Rxg7 Na4 25. Ne7+ Kb8 26. Rg8 Rxg8 27. Nxg8 h5 28. Kd2 Kc8 29. h4 Nc5 30. Nf6 Kd8 31. e5 Ke7 32. e4 Kf7 33.
Nxh5 Nxe4+ 34. Kd3 Nc5+ 35. Kd4 Na4 36. Nf4 c5+ 37. Kd3 b5 38. g4 Nb2+ 39. Ke4 Na4 40. Ne2 a5 41. g5 Kg6 42. Nf4+ Kf7 43. Ne2 Kg6 44. Kf4 b4 45. cxb4 cxb4 46. Kg4 Nb6 47.
h5+ Kf7 48. g6+ Ke7 49. h6 Nc4 50. h7 Nxe5+ 51. Kh5 Nd7 52. h8=Q 1-0

[Event "Late-Titled-Tuesday-Blitz-February-06-2024"]
[Site "Chess.com"]
[Date "2024.02.06"]
[Round "5"]
[White "Ajedrez_con_German"]
[Black "ural58"]
[Result "1-0"]
[WhiteElo "2661"]
[BlackElo "2471"]
[TimeControl "180+1"]
[EndTime "14:56:03 PST"]
[Termination "Ajedrez_con_German won by resignation"]

1. Nf3 d5 2. d4 Nc6 3. Bf4 Bg4 4. e3 e6 5. Be2 Bd6 6. Bg3 Nce7 7. c4 c6 8. Qb3 Rb8 9. Nc3 Nf6 10. O-O O-O 11. Rfc1 Ne4 12. Qc2 Nxc3 13. bxc3 Bxg3 14. hxg3 Bf5 15. Bd3 dxc4 16. Bxf5 Nxf5 17. Ne5 Nd6 18.
Qe2 c5 19. Nxc4 Nxc4 20. Qxc4 Qc7 21. Rab1 Rfc8 22. a4 cxd4 23. Qxc7 Rxc7 24. cxd4 Rbc8 25. Rxc7 Rxc7 26. a5 Kf8 27. Kf1 Ke7 28. Ke2 Kd7 29. Kd3 Kc8 30. g4 h6 31. f4 Rc6 32. f5 Kc7 33. e4 f6 34. Rf1 Ra6 35. Ra1 Kd7 36. Rb1 exf5 37. gxf5 Kc7 38. Rc1+ Kd7 39. Rc5 b6 40.
axb6 axb6 41. Rd5+ Kc7 42. e5 fxe5 43. dxe5 Ra2 44.
g4 Ra3+ 45. Ke4 Ra4+ 46. Rd4 Ra1 47. e6 Re1+ 48. Kf4 b5 49. Rd7+ Kc6 50. Rxg7 b4 51. Rg8 Kc7 52. Rg7+ Kc6 53. Rd7 b3 54. Rd2 Kc5 55.
g5 Rf1+ 56. Ke5 hxg5 57. e7 Re1+ 58. Kf6 g4 59. Kf7 g3 60. e8=Q Rxe8 61. Kxe8 Kc4 62. f6 Kc3 63. Rg2 b2 64. Rxg3+ 1-0

[Event "Late-Titled-Tuesday-Blitz-February-06-2024"]
[Site "Chess.com"]
[Date "2024.02.06"]
[Round "5"]
[White "ChadBiryani"]
[Black "Fh2411"]
[Result "0-1"]
[WhiteElo "2453"]
[BlackElo "2608"]
[TimeControl "180+1"]
[EndTime "14:56:03 PST"]
[Termination "Fh2411 won by checkmate"]

1. Nf3 d5 2. c4 c6 3. cxd5 cxd5 4. d4 Nc6 5. Nc3 Nf6 6. Bf4 Bf5 7. Qb3 Na5 8. Qa4+ Bd7 9. Qc2 e6 10. e3 Rc8 11. Bd3 Bb4 12. O-O h6 13. Rfc1 O-O 14. Ne5 a6 15. a3 Bxc3 16. bxc3 b5 17. h3 Qe7 18. Qb2 Nc4 19. Nxc4 dxc4 20. Be2 Bc6 21. a4 Nd5 22. axb5 axb5 23. Bg3 Nb6 24. Ra6 Qb7 25. Ra2 Na4 26. Qb4 Bxg2 27. Kh2 Bd5 28. Rg1 Kh8 29. Be5 f6 30. Bf4 Rfd8 31. Bh5 Rd7 32.
h4 Be4 33. Ra3 Qd5 34. Be2 g5 35. hxg5 hxg5 36. Rxg5 fxg5 37. Be5+ Kg8 38. Ra1 Rh7+ 39. Kg3 Qd7 40. Bg4 Bd5 41. e4 Bxe4 42. Re1 Bd5 43.
Qb1 Qf7 44. Re3 Rf8 45. f3 Rh4 46. Qg1 Nb2 47. Kf2 Nd3+ 48. Ke2 Rxg4 49. Qxg4 Qg6 50. Qh3 Nc1+ 51. Kd2 Nb3+ 52. Ke2 Qc2+ 53. Kf1 Qc1+ 54. Kf2 Qd2+ 55. Re2 Qd3 56. Qh8+ Kf7 57. Qg7+ Ke8 58. Bd6 Qxf3+ 59. Kg1 Qh1# 0-1

[Event "Late-Titled-Tuesday-Blitz-February-06-2024"]
[Site "Chess.com"]
[Date "2024.02.06"]
[Round "5"]
[White "Incognito_Knight"]
[Black "Pelusiansky"]
[Result "0-1"]
[WhiteElo "2705"]
[BlackElo "2481"]
[TimeControl "180+1"]
[EndTime "14:56:05 PST"]
[Termination "Pelusiansky won on time"]

1. b3 d5 2. Bb2 e6 3. Nf3 Nf6 4. e3 Be7 5. d4 O-O 6. Nbd2 c5 7. Bd3 Nc6 8. a3 b6 9. O-O Bb7 10. Ne5 Nxe5 11. dxe5 Ne4 12. Bxe4 dxe4 13. Qe2 a5 14. Rfd1 Qc7 15. Qg4 Qc6 16. Nc4 a4 17. h4 axb3 18. cxb3 Ba6 19. Nd6 Bd3 20. h5 h6 21. f3 Be2 22. Rd2 exf3 23. Kf2 Rad8 24. gxf3 Ba6 25. Rg1 Bg5 26. f4 f6 27. Qxe6+ Kh7 28.
Qf5+ Kg8 29. Qe6+ Kh7 30. Qf5+ Kg8 31. exf6 Bb7 32. f7+ Kh8 33. e4 Rxd6 34. Rxd6 Qxd6 35. fxg5 Qd2+ 36. Kf3 Qxb2 37. gxh6 Qxb3+ 38. Ke2 Ba6+ 39. Ke1 Qb1+ 40. Kf2 Qa2+ 41. Kg3 Qxf7 42. hxg7+ Qxg7+ 43. Qg6 Qxg6+ 44. hxg6 Kg7 45. Rb1 Rf6 46. e5 Re6 47. Kf4 Kxg6 48. a4 Kf7 49. Rh1 Ke7 50. Rh7+ Kd8 51.
Ra7 Bc4 52. Kf5 Re7 53. Ra8+ Kc7 0-1

[Event "Late-Titled-Tuesday-Blitz-February-06-2024"]
[Site "Chess.com"]
[Date "2024.02.06"]
[Round "5"]
[White "Walter_White_Poland"]
[Black "Englishman_18"]
[Result "1/2-1/2"]
[WhiteElo "2393"]
[BlackElo "2189"]
[TimeControl "180+1"]
[EndTime "14:56:05 PST"]
[Termination "Game drawn - insufficient material"]

1. d4 Nf6 2. Bf4 g6 3. e3 Bg7 4. h3 O-O 5. Nf3 d6 6. Be2 Nbd7 7. O-O c5 8. c3 b6 9. Nbd2 Bb7 10. a4 a6 11. Bh2 Rc8 12. Re1 Qc7 13. Bd3 Rfe8 14. Qe2 e5 15. Bxa6 e4 16. Ng5 Bxa6 17. Qxa6 h6 18. Nxf7 Kxf7 19. Nc4 Bf8 20. a5 Qc6 21. Nxb6 Nxb6 22. Qxb6 Qxb6 23. axb6 Nd7 24. Ra7 Red8 25. b7 Rb8 26. Rea1 Ke6 27. R1a6 c4 28. f3 exf3 29.
gxf3 Be7 30. e4 Nf8 31. e5 Rd7 32. exd6 Bxd6 33. Bxd6 Rxd6 34. Rxd6+ Kxd6 35. Ra6+ Kd5 36. Ra5+ Kd6 37. Rb5 Nd7 38. b3 cxb3 39. Rxb3 Kc7 40. Kf2 Rxb7 41. Rxb7+ Kxb7 42. Ke3 Kc6 43. Ke4 Kd6 44. c4 Nf6+ 45. Kf4 Nh5+ 46. Ke4 Nf6+ 47. Kf4 Nd7 48. h4 Ke6 49. Kg4 Nb6 50. c5 Nd5 51. c6 Kf6 52. f4 Ke6 53. h5 gxh5+ 54. Kxh5 Kf5 55. Kxh6 Kxf4 56. Kg6 Ke4 57. Kf7 Kxd4 58. Ke6 Kc5 59. Kd7 Kc4 60. Kd6 Kd4 61. Ke6 Kc5 62. Kd7 Kd4 63. Kd6 Kc4 64. c7 Nxc7 1/2-1/2

[Event "Late-Titled-Tuesday-Blitz-February-06-2024"]
[Site "Chess.com"]
[Date "2024.02.06"]
[Round "5"]
[White "yobdc"]
[Black "DinaBelenkaya"]
[Result "1-0"]
[WhiteElo "2612"]
[BlackElo "2430"]
[TimeControl "180+1"]
[EndTime "14:56:08 PST"]
[Termination "yobdc won on time"]

1. c4 e5 2. Nc3 Nf6 3. Nf3 Nc6 4. g3 Bc5 5. Bg2 O-O 6. d3 d6 7. O-O a5 8. Bg5 h6 9. Bxf6 Qxf6 10. Nd5 Qd8 11.
Nd2 f5 12. e3 Ne7 13. a3 c6 14. Nxe7+ Qxe7 15. Qe2 a4 16. Kh1 Bd7 17. Rae1 g5 18.
f4 Rae8 19. Qd1 Qg7 20. Qc2 exf4 21. exf4 Rxe1 22. Rxe1 Bd4 23. fxg5 hxg5 24. Nf3 Bf6 25. Qxa4 Bxb2 26. Qb3 Bc3 27. Rc1 g4 28. Ng1 Be5 29.
Ne2 Bc8 30. c5+ d5 31. Rf1 Qh7 32. Nf4 Kh8 33. Qb4 Qg7 34. Re1 Bc3 35. Qb1 Bxe1 36. Qxe1 Qf7 37. h3 Re8 38. Qd1 Re3 39. Kh2 d4 40. Qa1 Qg7 41. h4 Kh7 42. Qb2 Qe5 43.
h5 Kh6 44. Qd2 Be6 45. a4 Bd5 46. Bxd5 cxd5 47. a5 Kh7 48. c6 bxc6 49. a6 Qc7 50. Qb2 Re7 51. Qxd4 Qa7 52. Qf6 Qf2+ 53. Ng2 Re2 54.
Qg6+ Kh8 55. Qh6+ Kg8 56. Qg6+ Kf8 57. Qf6+ Ke8 58. Qxc6+ Ke7 59. Qxd5 Rd2 60. Qb7+ Ke6 61. a7 Rd1 62. Qb3+ 1-0

[Event "Late-Titled-Tuesday-Blitz-February-06-2024"]
[Site "Chess.com"]
[Date "2024.02.06"]
[Round "5"]
[White "Zavgorodniy_Sergiy"]
[Black "The_Straightforward_Rook"]
[Result "1/2-1/2"]
[WhiteElo "2593"]
[BlackElo "2426"]
[TimeControl "180+1"]
[EndTime "14:56:09 PST"]
[Termination "Game drawn - insufficient material"]

1. d4 d5 2. c4 c6 3. e3 Nf6 4. Bd3 e6 5. Nd2 Nbd7 6. Ngf3 Bd6 7. O-O O-O 8. e4 dxe4 9. Nxe4 Nxe4 10. Bxe4 Re8 11.
b3 Bf8 12. Bb2 g6 13. Bc2 Bg7 14. Re1 b6 15. Qe2 Bb7 16. Rad1 Qe7 17. Ne5 Nxe5 18. dxe5 Red8 19. Be4 Rxd1 20. Rxd1 Rd8 21. Rd3 Rd7 22. Qd1 Rxd3 23. Qxd3 Bf8 24. Kf1 c5 25. g3 Bxe4 26. Qxe4 Qd7 27. Ke2 h5 28. Qd3 Qxd3+ 29. Kxd3 Bg7 30.
Ke4 Kf8 31. Bc1 Ke7 32. Bg5+ Kd7 33. f3 Bf8 34. g4 a6 35. a4 Kc6 36. Kf4 b5 37. axb5+ axb5 38. gxh5 gxh5 39. Kg3 bxc4 40. bxc4 Kb6 41. Kh4 Ka5 42. Kxh5 Kb4 43. h4 Kxc4 44. Kg4 Kd4 45. Bf4 c4 46. h5 c3 47. h6 c2 48. h7 Bg7 49. Bc1 Kd3 50. f4 f6 51.
exf6 Bxf6 52. Kh5 Ke4 53. Kg6 Bh8 54. Kf7 Kf5 55. Kg8 Bd4 56. h8=Q Bxh8 57. Kxh8 e5 58. fxe5 Kxe5 59. Kg7 Ke4 60. Kf6 Kd3 61. Ke5 Ke2 62.
Kd4 Kd1 63. Bb2 Kd2 64. Kc4 c1=Q+ 65. Bxc1+ 1/2-1/2

[Event "Late-Titled-Tuesday-Blitz-February-06-2024"]
[Site "Chess.com"]
[Date "2024.02.06"]
[Round "5"]
[White "GeorgiosSouleidis"]
[Black "protectiago"]
[Result "1-0"]
[WhiteElo "2694"]
[BlackElo "2105"]
[TimeControl "180+1"]
[EndTime "14:56:10 PST"]
[Termination "GeorgiosSouleidis won on time"]

1. e4 e5 2. Nf3 Nc6 3. Bc4 Bc5 4. d3 d6 5. a4 a6 6. O-O h6 7. Be3 Ba7 8. Bxa7 Nxa7 9. c3 Nc6 10. Re1 Nf6 11. a5 O-O 12. h3 Ne7 13. d4 Ng6 14. Nbd2 Qe7 15. Nf1 Be6 16. Qb3 Bxc4 17. Qxc4 Nf4 18.
Ng3 N6h5 19. Nf5 Qf6 20. dxe5 dxe5 21. Rad1 Rad8 22. Qc5 Rxd1 23. Rxd1 Re8 24. Qxc7 Qg6 25. N5h4 Qxe4 26. Re1 Ne2+ 27. Kf1 Nhf4 28. Qd7 Re6 29. Qd2 Qc4 30. Rxe2 Nxe2 31. Qxe2 Qa2 32. Kg1 Qxa5 33.
Nf5 Qb6 34. Ne3 e4 35. Nd4 Rg6 36. Nef5 Qd8 37. Qxe4 Qg5 38. Ne7+ Kh7 39. Nxg6 fxg6 40. Qe3 Qc5 41. b4 Qc4 42. g3 b6 43. h4 a5 44.
bxa5 bxa5 45. h5 a4 46. hxg6+ Kxg6 47. Qe4+ Kf7 48. Qb7+ Kg8 49. Nf5 Qxc3 50. Qa8+ Kh7 51. Qxa4 Qc1+ 52. Kh2 Qg5 53. Qf4 Qh5+ 54. Kg2 Qf7 55. Qf3 g6 56. Ne3 Qd7 57. Qd5 Qe7 58. Qf3 Qd7 59. Nd5 1-0

[Event "Late-Titled-Tuesday-Blitz-February-06-2024"]
[Site "Chess.com"]
[Date "2024.02.06"]
[Round "5"]
[White "Baronessa08"]
[Black "Dzidzik2203"]
[Result "1-0"]
[WhiteElo "2528"]
[BlackElo "2377"]
[TimeControl "180+1"]
[EndTime "14:56:12 PST"]
[Termination "Baronessa08 won by resignation"]

1. e4 c5 2. Nc3 d6 3. g3 g6 4. Bg2 Bg7 5. f4 Nc6 6. Nf3 Rb8 7. O-O b5 8. a3 a5 9. d3 b4 10. axb4 axb4 11. Ne2 e6 12. Kh1 Nge7 13. d4 cxd4 14. Nexd4 O-O 15. Be3 Bb7 16. Nxc6 Bxc6 17.
Nd4 Bb7 18. Qd3 d5 19. e5 Ra8 20. Qb5 Qc7 21. Qxb4 Nc6 22. Qc5 Rxa1 23. Rxa1 Rc8 24.
Nb5 Qd7 25. Nd6 Bf8 26. Qb5 Bxd6 27. exd6 Rb8 28. Qc5 d4 29. Bf2 Rd8 30. b4 Qxd6 31. Qxd6 Rxd6 32. b5 Nd8 33. Ra7 Bxg2+ 34. Kxg2 Kf8 35.
Ra6 Rd5 36. b6 Ke7 37. Ra7+ Rd7 38. Bxd4 Nb7 39. c3 Kd6 40. Kf3 Kc6 41. Ke4 Rd5 42.
Ra8 f5+ 43. Ke3 Kb5 44. Rb8 Ka6 45. Rc8 Rd6 46. Rc7 Rd5 47. Rxh7 Rb5 48. Re7 Na5 49. Rxe6 Nc4+ 50. Kd3 Na3 51. Rxg6 Rb1 52. g4 Rd1+ 53. Ke2 Rh1 54. gxf5 Rxh2+ 55. Kf3 Rh3+ 56. Rg3 Rh1 57.
f6 Nc4 58. f7 Nd2+ 59. Kg2 Rh8 60. Rg8 Rh7 61. f8=Q 1-0

[Event "Late-Titled-Tuesday-Blitz-February-06-2024"]
[Site "Chess.com"]
[Date "2024.02.06"]
[Round "5"]
[White "semchik73"]
[Black "jaskol95"]
[Result "1-0"]
[WhiteElo "2419"]
[BlackElo "2580"]
[TimeControl "180+1"]
[EndTime "14:56:13 PST"]
[Termination "semchik73 won by checkmate"]

1. Nf3 d5 2. c4 c6 3. e3 Nf6 4. Nc3 e6 5. d4 Nbd7 6. Bd3 Be7 7. O-O O-O 8. e4 dxe4 9. Nxe4 Nxe4 10. Bxe4 Nf6 11. Bc2 b6 12. Qd3 Bb7 13. Bg5 g6 14.
Ne5 c5 15. dxc5 bxc5 16. Bxf6 Bxf6 17. Nd7 Bd4 18. Nxf8 Qxf8 19. Rad1 Rd8 20. Qg3 Bc6 21. h4 Qd6 22. Qxd6 Rxd6 23. b3 e5 24. Rfe1 f5 25.
b4 cxb4 26. c5 Rd7 27. Bb3+ Kf8 28. Be6 Rd8 29. g4 Ke7 30. gxf5 gxf5 31. Bxf5 Rg8+ 32. Kf1 Kf6 33. Be4 Bb5+ 34. Bd3 Bc6 35. Bc4 Rg2 36. Rxd4 exd4 37. Re6+ Kf5 38. Rxc6 Rh2 39. Rh6 Rh1+ 40.
Ke2 Ke4 41. Rxh7 Rc1 42. Bd3+ Kd5 43. Rh5+ Kc6 44. Be4+ Kc7 45. c6 a6 46. Rh7+ Kb6 47.
Rb7+ Ka5 48. c7 Rc5 49. Bf5 Re5+ 50. Kd3 Rxf5 51. c8=Q Rf3+ 52. Ke4 Rc3 53. Qd8+ Ka4 54. Qxd4 a5 55. Qd7+ Ka3 56. Ra7 Kb2 57. Rxa5 Rc4+ 58.
Ke5 Rxh4 59. Qd2+ Kb1 60. Rc5 Rh5+ 61. Kd6 Rh6+ 62. Qxh6 b3 63. Qc1+ Kxa2 64. Ra5# 1-0

[Event "Late-Titled-Tuesday-Blitz-February-06-2024"]
[Site "Chess.com"]
[Date "2024.02.06"]
[Round "5"]
[White "gtnamfrq"]
[Black "Siemba"]
[Result "1/2-1/2"]
[WhiteElo "2292"]
[BlackElo "2506"]
[TimeControl "180+1"]
[EndTime "14:56:13 PST"]
[Termination "Game drawn by repetition"]

1. e4 e5 2. Nf3 Nc6 3. Bb5 a6 4. Ba4 d6 5. c3 f5 6. exf5 Bxf5 7. O-O Bd3 8. Re1 Nf6 9. Bc2 Bxc2 10. Qxc2 Be7 11. d4 e4 12. Ng5 d5 13. f3 h6 14. Nh3 O-O 15. Nd2 exf3 16. Nxf3 Qd7 17. Nf2 Bd6 18. Ne5 Bxe5 19. dxe5 Ne4 20. Nxe4 dxe4 21.
Qxe4 Rae8 22. Bf4 Qe6 23. Rad1 Rf5 24. Bg3 Nxe5 25. Kh1 Ref8 26. Bxe5 Rxe5 27. Qxe5 Rf1+ 28. Rxf1 Qxe5 29. Rd2 Qe6 30. a3 a5 31. Rd8+ Kh7 32.
Rdf8 b5 33. R8f5 Qb3 34. R5f2 c5 35. h3 a4 36. Re1 Qd5 37. Ree2 Qb3 38. Rd2 Qe6 39.
Rfe2 Qf5 40. Rf2 Qe4 41. Rde2 Qb7 42. Rf3 b4 43. cxb4 cxb4 44. Rfe3 b3 45. Re7 Qd5 46. Re1 Kg6 47. R7e6+ Kf5 48. R6e2 g5 49. Kh2 Qd6+ 50. g3 Qd4 51. Rf1+ Kg6 52. Re6+ Kg7 53. Re2 Qc4 54.
Rfe1 Kf6 55. Rf2+ Kg6 56. Rfe2 Qc5 57. Re6+ Kf7 58. R6e2 Qf5 59. Kg2 Qd5+ 60. Kh2 Qd4 61. Re7+ Kg6 62. R7e6+ Kg7 63. Re7+ Kf8 64. Re8+ Kf7 65.
R1e7+ Kf6 66. Re6+ Kf7 67. R8e7+ Kf8 68. Re8+ Kf7 69.
R6e7+ Kg6 70. Re6+ Kf7 1/2-1/2

[Event "Late-Titled-Tuesday-Blitz-February-06-2024"]
[Site "Chess.com"]
[Date "2024.02.06"]
[Round "5"]
[White "emeli_chess"]
[Black "igorknyazev"]
[Result "1/2-1/2"]
[WhiteElo "2383"]
[BlackElo "2159"]
[TimeControl "180+1"]
[EndTime "14:56:13 PST"]
[Termination "Game drawn - insufficient material"]

1. d4 Nf6 2. c4 c5 3. d5 b5 4. cxb5 a6 5. b6 g6 6. Nc3 Bg7 7. a4 Qxb6 8. a5 Qb4 9. Ra4 Qb7 10. e4 d6 11. Nf3 O-O 12. Be2 Bd7 13. Ra3 Bb5 14.
O-O Nbd7 15. Re1 Ng4 16. Nd2 Bxe2 17. Qxe2 h5 18. h3 Ngf6 19. Nc4 Ne5 20. Nb6 Rab8 21.
Nca4 e6 22. Qd1 exd5 23. exd5 Rfe8 24. Bg5 Nfd7 25. Rae3 f6 26. Bf4 Kf7 27. Bh2 Bh6 28.
f4 Nxb6 29. Nxb6 Nd7 30. Rxe8 Rxe8 31. Rxe8 Kxe8 32. Qe2+ Kd8 33. Qe6 Nxb6 34. Qxf6+ Qe7 35. Qxe7+ Kxe7 36. axb6 Kd7 37. Kf2 c4 38. Ke3 Bg7 39. g4 hxg4 40. hxg4 Bxb2 41. f5 gxf5 42. gxf5 a5 43. Kd2 a4 44. Kc2 a3 45. Bf4 Bf6 46. Kb1 c3 47. Ka2 Be5 48. Bc1 Kc8 49. Kxa3 Kb7 50. Be3 c2 51. Kb3 c1=Q 52. Bxc1 Kxb6 53. Bb2 Bf4 54. f6 Kc5 55. f7 Bh6 56. Bf6 Kxd5 57.
Be7 Ke6 58. f8=Q Bxf8 59. Bxf8 d5 60. Kc2 Ke5 61. Kd3 d4 62. Bc5 Kd5 63. Bxd4 1/2-1/2